 Dungeon Crawl Stone Soup version 0.15.0-23-gc2b521c (webtiles) character file.

36099 Ratboiler the Bludgeoner (level 13, -18/132 HPs)
             Began as a Gargoyle Berserker on Sept 9, 2014.
             Was a High Priest of Trog.
             Killed from afar by a fire giant (52 damage)
             ... with a fireball
             ... on Level 1 of the Depths.
             The game lasted 00:57:10 (18147 turns).

Ratboiler the Bludgeoner (Gargoyle Berserker)      Turns: 18147, Time: 00:57:11

HP -18/132       AC 36     Str 28      XL: 13   Next: 88%
MP  13/13        EV  5     Int 10      God: Trog [*****.]
Gold 248         SH  8     Dex 16      Spells:  0 memorised, 12 levels left

rFire  . . .     SeeInvis .     Q - +1 flail (crush)
rCold  . . .     Clarity  .     S - +4 chain mail
rNeg   + . .     rCorr    .     l - +0 shield
rPois  +         rRot     +     p - +2 helmet {Int+3}
rElec  +         Spirit   .     K - +0 cloak
SustAb .         Warding  .     P - +1 pair of gloves
rMut   +         Stasis   .     D - +1 pair of boots
Gourm  .                        G - amulet "Baoshril" {rMut +Fly MR+ Slay+4}
MR     ++...                    m - +3 ring of dexterity
                                j - ring of protection from magic

@: berserking, very quick, very resistant to hostile enchantments, extremely
unstealthy
A: negative energy resistance 1, electricity resistance, unbreathing,
petrification resistance, rot immunity, AC +9
a: Burn Spellbooks, Berserk, Trog's Hand, Brothers in Arms, Renounce Religion,
Evoke Flight


You were on level 1 of the Depths.
You worshipped Trog.
Trog was extremely pleased with you.
You were not hungry.

You visited 2 branches of the dungeon, and saw 16 of its levels.
You also visited: Ossuary.

You collected 1290 gold pieces.
You spent 1042 gold pieces at shops.

Inventory:

Hand weapons
 t - a +2 vampiric whip
 Q - a +1 flail of crushing (weapon)
 V - a cursed +2 antimagic great mace
 Z - a +0 triple crossbow
Missiles
 e - 37 stones (quivered)
 f - a throwing net
Armour
 l - a +0 shield (worn)
 p - a +2 helmet of intelligence (worn)
 D - a +1 pair of boots (worn)
 K - a +0 cloak (worn)
 P - a +1 pair of gloves (worn)
 S - a +4 chain mail (worn)
Magical devices
 u - a wand of lightning (0)
 y - a wand of draining (4)
 C - a wand of frost (8)
 F - a wand of disintegration (8)
 I - a wand of fireball (0)
 X - a wand of digging (18)
Comestibles
 a - 4 fruits
 c - 10 bread rations
Scrolls
 d - 4 scrolls of remove curse
 g - 6 scrolls of teleportation
 k - 3 scrolls of fog
 o - 3 scrolls of magic mapping
 q - 8 scrolls of blinking
 r - 2 scrolls of enchant armour
 v - 2 scrolls of noise
 w - a scroll of immolation {unknown}
 B - a scroll of fear {unknown}
 L - 2 scrolls of enchant weapon {unknown}
 M - a scroll of silence
Jewellery
 h - an uncursed ring of see invisible
 j - a ring of protection from magic (left hand)
 m - a +3 ring of dexterity (right hand)
 G - the amulet "Baoshril" (around neck) {rMut +Fly MR+ Slay+4}
   (You acquired it on level 5 of the Dungeon)

   [amulet of resist mutation]

   It protects you from mutation.
   It affects your accuracy and damage with ranged weapons and melee attacks
   (+4).
   It affects your resistance to hostile enchantments.
   It lets you fly.
 J - an uncursed amulet of clarity
Potions
 b - a potion of cancellation
 i - a potion of heal wounds
 n - 4 potions of curing
 x - 3 potions of haste
 A - 5 potions of restore abilities
 E - a potion of flight
 H - a potion of cure mutation
 N - 4 potions of invisibility
 O - 3 potions of resistance {unknown}
 T - 2 potions of magic {unknown}
 U - a potion of berserk rage
 W - 2 potions of brilliance
 Y - a potion of lignification
Rods
 R - a +0 rod of shadows (12/12)
   (You found it on level 7 of the Dungeon)


   Skills:
 + Level 13.1 Fighting
 * Level 15.9 Maces & Flails
 + Level 12.8 Armour
 - Level 1.5 Dodging


You had 12 spell levels left.
You didn't know any spells.

Dungeon Overview and Level Annotations

Branches:
Dungeon (15/15)            Temple (0/1) D:7             Orc (0/4) D:9
   Lair (0/8) D:8          Vaults (0/5) D:14         Depths (1/5) D:15

Altars:
Ashenzari
Kikubaaqudgha
Nemelex Xobeh
Qazlal
Sif Muna
Yredelemnul
Zin

Shops:
D:5 ?   D:6 :   D:10 [

Annotations:
D:7 exclusion: downstairs
D:8 1 exclusion
D:9 exclusion: downstairs
D:11 exclusion: ice statue
D:14 exclusion: downstairs


Innate Abilities, Weirdness & Mutations

You are resistant to torment.
You are immune to poison.
Your stone body is very resilient (AC +9).
You resist negative energy.
You are resistant to electric shocks.
You can survive without breathing.
You are immune to petrification.
You are immune to rotting.


Message History

You feel yourself moving faster!
You feel mighty!
You feel somewhat more hungry.
Your chain mail prevents you from hitting the fire giant.
You sock the fire giant!
The fire giant is moderately wounded.
The fire giant points at you and mumbles some strange words.
The bolt of fire hits you!
* * * LOW HITPOINT WARNING * * *
You sock the fire giant!
The fire giant is moderately wounded.
You bludgeon the fire giant!!
The fire giant is severely wounded.
You block the fire giant's attack.
You sock the fire giant!
The fire giant is almost dead.
You sock the fire giant!
The fire giant is almost dead.
The fire giant casts a spell at you.
The fireball explodes!
The fireball engulfs you!
You die...

........................
###############.........
..............)########
...............#####
......................
......................
....[..................
.......................
.....C.......@C.......
.......................
##############.........
.................
...............
.....########## .....
... #


You could see a fire giant and an ettin.

Vanquished Creatures
  A fire giant (D:13)
  3 hydras
  3 centaur warriors
  Harold (D:14)
  A hydra (shapeshifter) (D:14)
  Erica (D:14)
  An ogre mage (D:15)
  4 hill giants
  7 ugly things
  A red wasp (shapeshifter) (D:15)
  A cyclops (D:15)
  A guardian serpent (shapeshifter) (D:15)
  A moth of wrath (shapeshifter) (D:14)
  Joseph (D:7)
  A torpor snail (shapeshifter) (D:15)
  An orange crystal statue (D:11)
  A tengu conjurer (D:13)
  A troll (shapeshifter) (D:15)
  2 efreet
  A komodo dragon (D:14)
  A hydra zombie (D:13)
  3 two-headed ogres
  A polar bear (shapeshifter) (D:15)
  3 trolls
  A jumping spider (shapeshifter) (D:15)
  3 ravens (D:13)
  11 slime creatures (D:15)
  A spriggan (D:14)
  A trapdoor spider (D:14)
  A wyvern (D:13)
  A hill giant zombie (D:12)
  4 wraiths
  Eustachio (D:6)
  2 shadows
  A deep elf mage (D:12)
  A steam dragon (D:15)
  4 hippogriffs
  A deep elf fighter (D:14)
  A hill giant skeleton (D:14)
  2 hungry ghosts
  2 soldier ants
  Edmund (D:7)
  A mottled dragon (D:13)
  3 sky beasts
  An ogre skeleton (D:14)
  5 water moccasins
  7 orc warriors
  3 black bears
  9 ogres
  A porcupine (shapeshifter) (D:15)
  A manticore zombie (D:12)
  A swamp drake (shapeshifter) (D:14)
  A necrophage (D:14)
  22 centaurs
  A yellow wasp (D:12)
  5 boggarts (D:15)
  2 crocodiles
  6 ice beasts
  Sigmund (D:6)
  7 giant frogs
  The ghost of Bloax the Cutter, an average VSCK of Xom (D:4)
  Blork the orc (D:7)
  A komodo dragon skeleton (D:12)
  2 big kobolds
  An elf skeleton (D:7)
  14 wights
  21 scorpions
  A hippogriff zombie (D:11)
  4 killer bees (D:9)
  2 goliath beetles
  8 hounds
  2 centaur zombies
  10 crimson imps
  5 jellies
  A giant frog zombie (D:5)
  A human zombie (Ossuary)
  7 orc priests
  8 worker ants
  A basilisk zombie (D:12)
  3 iguanas
  A human skeleton (D:7)
  4 orc wizards
  A sheep (D:15)
  3 big kobold zombies (Ossuary)
  A sky beast zombie (D:12)
  A big kobold skeleton (D:11)
  4 mummies
  A green rat (D:6)
  2 orc zombies
  14 adders
  7 scorpion zombies
  4 giant mites
  4 gnolls (D:4)
  5 shadow imps
  A worm (D:2)
  An adder skeleton (D:9)
  A giant gecko (D:7)
  3 oozes
  37 orcs
  25 bats
  5 giant cockroaches
  13 hobgoblins
  2 jackals (D:1)
  5 quokkas
  3 ball pythons (D:1)
  A giant gecko skeleton (D:6)
  8 giant newts
  A giant spore (D:10)
  13 goblins
  A goblin skeleton (D:4)
  5 goblin zombies (Ossuary)
  A hobgoblin skeleton (D:4)
  4 hobgoblin zombies (Ossuary)
  31 kobolds
  3 kobold zombies
  4 orc skeletons
  14 rats
  4 ballistomycetes (D:10)
  A fungus (D:6)
491 creatures vanquished.

Vanquished Creatures (collateral kills)
  A fire giant (Depths:1)
  A tengu warrior (D:13)
  Nergalle (D:13)
  A flayed ghost (Depths:1)
  A gargoyle (D:14)
  A shadow (D:13)
  A spectral orc (D:13)
  A worker ant (D:14)
  An orc wizard (D:14)
9 creatures vanquished.

Vanquished Creatures (others)
  2 two-headed ogres (D:14)
  A human (D:6)
  A spectral orc (D:13)
  An orc zombie (Ossuary)
5 creatures vanquished.

Grand Total: 505 creatures vanquished

Notes
Turn   | Place    | Note
--------------------------------------------------------------
     0 | D:1      | Ratboiler, the Gargoyle Berserker, began the quest for the Orb.
     0 | D:1      | Reached XP level 1. HP: 14/14 MP: 1/1
   105 | D:1      | Reached XP level 2. HP: 1/19 MP: 2/2
  1114 | D:2      | Reached XP level 3. HP: 23/23 MP: 3/3
  1127 | D:2      | Acquired Trog's second power
  1695 | D:2      | Reached skill level 4 in Maces & Flails
  1695 | D:2      | Reached XP level 4. HP: 10/29 MP: 4/4
  2223 | D:2      | Found an ancient bone altar of Kikubaaqudgha.
  2223 | D:2      | Found a stormy altar of Qazlal.
  2722 | D:4      | Noticed Bloax's ghost (average VSCK)
  2735 | D:4      | Killed Bloax's ghost
  2735 | D:4      | Reached XP level 5. HP: 33/33 MP: 5/5
  2837 | D:4      | Noticed an orc warrior
  2841 | D:4      | Found a sparkling altar of Nemelex Xobeh.
  2885 | D:4      | Noticed an orc warrior
  2902 | D:4      | Killed an orc warrior
  2902 | D:4      | Reached skill level 5 in Maces & Flails
  2902 | D:4      | Reached XP level 6. HP: 21/39 MP: 6/6
  3685 | D:4      | Killed an orc warrior
  3685 | D:4      | Reached skill level 5 in Fighting
  3685 | D:4      | Reached XP level 7. HP: 40/44 MP: 7/7
  3873 | D:4      | Reached skill level 6 in Maces & Flails
  4177 | D:5      | Entered Level 5 of the Dungeon
  4343 | D:5      | Reached skill level 5 in Armour
  4551 | D:5      | Reached XP level 8. HP: 51/51 MP: 8/8
  4566 | D:5      | Reached skill level 7 in Maces & Flails
  4613 | D:5      | Found Zin's Purification Station.
  4618 | D:5      | Found a glowing silver altar of Zin.
  4625 | D:5      | Bought a potion of restore abilities for 90 gold pieces
  4724 | D:5      | Found Voraf's Magic Scroll Shoppe.
  4745 | D:5      | Bought a scroll of identify for 26 gold pieces
  4745 | D:5      | Bought a scroll of noise for 13 gold pieces
  4838 | D:6      | Acquired Trog's third power
  4959 | D:6      | Found an ancient bone altar of Kikubaaqudgha.
  5012 | D:6      | Found Canaros' Book Emporium.
  5250 | D:6      | Reached skill level 8 in Maces & Flails
  5385 | D:6      | Noticed Eustachio
  5403 | D:6      | Killed Eustachio
  5604 | D:6      | Reached XP level 9. HP: 55/57 MP: 9/9
  5775 | D:6      | Reached skill level 9 in Maces & Flails
  6156 | D:6      | Noticed Sigmund
  6173 | D:6      | Killed Sigmund
  6410 | D:7      | Found a sand-covered staircase.
  6418 | Ossuary  | Entered an ossuary
  6721 | Ossuary  | Reached skill level 10 in Maces & Flails
  6847 | Ossuary  | Reached XP level 10. HP: 64/64 MP: 10/10
  7059 | D:7      | Gained mutation: You are weak. (Str -2) [mutagenic meat]
  7060 | D:7      | Gained mutation: You are somewhat resistant to further mutation. [mutagenic meat]
  7061 | D:7      | Lost mutation: You are weak. (Str -2) [potion of cure mutation]
  7061 | D:7      | Lost mutation: You are somewhat resistant to further mutation. [potion of cure mutation]
  7173 | D:7      | Noticed Joseph
  7273 | D:7      | Noticed Edmund
  7303 | D:7      | Killed Edmund
  7310 | D:7      | Noticed Blork the orc
  7319 | D:7      | Killed Blork the orc
  7661 | D:7      | Killed Joseph
  8194 | D:7      | Found a staircase to the Ecumenical Temple.
  8346 | D:8      | Reached skill level 11 in Maces & Flails
  8560 | D:8      | Found a staircase to the Lair.
  9447 | D:9      | Found a staircase to the Orcish Mines.
  9620 | D:9      | Found a deep blue altar of Sif Muna.
  9775 | D:10     | Entered Level 10 of the Dungeon
 10142 | D:10     | Found a basalt altar of Yredelemnul.
 10329 | D:10     | Found Ipas' Antique Armour Emporium.
 10350 | D:10     | Bought a slimy chain mail for 237 gold pieces
 10361 | D:10     | Identified the cursed -5 chain mail of Untold Secrets {Dex-5 Int+3} (You bought it in a shop on level 10 of the Dungeon)
 10376 | D:10     | Noticed a hill giant
 10396 | D:10     | Killed a hill giant
 10580 | D:10     | Reached XP level 11. HP: 71/71 MP: 11/11
 10723 | D:10     | Found a shattered altar of Ashenzari.
 10979 | D:11     | Noticed a four-headed hydra
 10987 | D:11     | Killed a four-headed hydra
 10987 | D:11     | Reached skill level 12 in Maces & Flails
 11003 | D:11     | Noticed a hill giant
 11047 | D:11     | Killed a hill giant
 11047 | D:11     | Reached skill level 10 in Fighting
 11747 | D:11     | Noticed an ice statue
 11879 | D:12     | Found a glowing silver altar of Zin.
 11881 | D:12     | Noticed an eight-headed hydra
 11901 | D:12     | Killed an eight-headed hydra
 11901 | D:12     | Reached skill level 10 in Armour
 12185 | D:12     | Noticed a six-headed hydra
 12196 | D:12     | Killed a six-headed hydra
 12419 | D:12     | Reached skill level 13 in Maces & Flails
 12584 | D:12     | Received a gift from Trog
 13257 | D:13     | Reached XP level 12. HP: 68/80 MP: 12/12
 13347 | D:13     | Noticed a fire giant
 13363 | D:13     | Killed a fire giant
 13435 | D:13     | Noticed Nergalle
 13455 | D:13     | Killed Nergalle
 13830 | D:13     | Noticed a tengu warrior
 13850 | D:13     | Killed a tengu warrior
 14136 | D:13     | Identified a scroll of acquirement
 14528 | D:5      | Bought a scroll of acquirement for 676 gold pieces
 14530 | D:5      | Got a fine ruby amulet
 14532 | D:5      | Identified the amulet "Baoshril" {rMut +Fly MR+ Slay+4} (You acquired it on level 5 of the Dungeon)
 14991 | D:13     | Noticed a centaur warrior
 15003 | D:13     | Killed a centaur warrior
 15003 | D:13     | Reached skill level 14 in Maces & Flails
 15361 | D:14     | Noticed a centaur warrior
 15371 | D:14     | Noticed Harold
 15378 | D:14     | Killed Harold
 15391 | D:14     | Noticed a great orb of eyes
 15391 | D:14     | a hill giant changed into a great orb of eyes
 15393 | D:14     | Killed a centaur warrior
 15393 | D:14     | Noticed a dire elephant
 15393 | D:14     | a great orb of eyes changed into a dire elephant
 15531 | D:14     | Noticed Erica
 15540 | D:14     | Killed Erica
 15791 | D:14     | Reached XP level 13. HP: 78/86 MP: 13/13
 16055 | D:14     | Found a gate to the Vaults.
 16072 | D:14     | Noticed a green draconian
 16072 | D:14     | a catoblepas changed into a green draconian
 16128 | D:14     | Noticed a white draconian
 16129 | D:14     | Noticed a red draconian
 16129 | D:14     | a white draconian changed into a red draconian
 16133 | D:14     | Noticed a yellow draconian
 16133 | D:14     | a red draconian changed into a yellow draconian
 16140 | D:14     | a yellow draconian changed into a seven-headed hydra
 16460 | D:14     | Reached skill level 15 in Maces & Flails
 16508 | D:15     | Entered Level 15 of the Dungeon
 16717 | D:15     | Found a stormy altar of Qazlal.
 16868 | D:15     | Received a gift from Trog
 17287 | D:15     | Found a sparkling altar of Nemelex Xobeh.
 17985 | D:15     | Found a staircase to the Depths.
 17993 | Depths:1 | Entered Level 1 of the Depths
 18076 | Depths:1 | Noticed a fire giant
 18092 | Depths:1 | Killed a fire giant
 18133 | Depths:1 | Noticed a fire giant
 18147 | Depths:1 | Killed from afar by a fire giant

Action                   |  1- 3 |  4- 6 |  7- 9 | 10-12 | 13-15 || total
-------------------------+-------+-------+-------+-------+-------++-------
Melee: Mace              |   124 |   150 |    98 |       |       ||   372
       Whip              |       |       |   767 |   581 |       ||  1348
       Flail             |       |       |       |   598 |   334 ||   932
Invok: Berserk           |     2 |     4 |     4 |    20 |     6 ||    36
       Brothers in Arms  |       |       |       |     4 |     1 ||     5
       Trog's Hand       |       |       |       |     1 |     2 ||     3
Evoke: Wand              |       |       |     3 |     5 |     6 ||    14
  Use: Scroll            |       |    10 |     5 |    11 |     3 ||    29
       Potion            |       |       |       |     2 |     2 ||     4
 Stab: Held in net/web   |       |       |     1 |       |       ||     1
  Eat: Chunk             |     4 |     6 |    18 |    26 |     1 ||    55
       Bread ration      |       |     1 |       |     1 |     1 ||     3
       Meat ration       |       |       |     1 |     4 |       ||     5
       Beef jerky        |       |       |     1 |     1 |     1 ||     3
       Fruit             |       |       |       |     4 |     3 ||     7
       Pizza             |       |       |       |     1 |       ||     1
       Royal jelly       |       |       |       |       |     1 ||     1
